 Dungeon Crawl Stone Soup version 0.22-a0-136-g83a10e5 (webtiles) character file.

319 KristoblXynda the Slasher (level 6, -2/48 HPs)
             Began as a Draconian Gladiator on Feb 3, 2018.
             Slain by an ogre
             ... wielding a +0 giant club
              (18 damage)
             ... on level 3 of the Dungeon.
             The game lasted 00:04:00 (3025 turns).

KristoblXynda the Slasher (Draconian Gladiator)     Turns: 3025, Time: 00:04:01

Health: -2/48      AC:  7    Str: 17    XL:     6   Next: 21%
Magic:  6/6        EV: 14    Int:  9    God:
Gold:   124        SH:  0    Dex: 13    Spells: 5/5 levels left

rFire    . . .     SeeInvis .   a - +0 long sword
rCold    . . .     Gourm    .   (no shield)
rNeg     . . .     Faith    .   (armour unavailable)
rPois    .         Spirit   .   b - +0 hat
rElec    .         Reflect  .   (no cloak)
rCorr    .         Harm     .   u - +0 pair of gloves
MR       .....                  (no boots)
Stlth    +.........             (no amulet)
HPRegen  0.16/turn              (no ring)
MPRegen  0.10/turn              (no ring)

@: no status effects
A: unfitting armour, cold-blooded, AC +6
a: no special abilities


You were on level 3 of the Dungeon.
You were not hungry.

You visited 1 branch of the dungeon, and saw 3 of its levels.

You collected 124 gold pieces.

Inventory:

Hand Weapons
 a - a +0 long sword (weapon)
Missiles
 c - 4 throwing nets (quivered)
Armour
 b - a +0 hat (worn)
 u - a +0 pair of gloves (worn)
Scrolls
 f - a scroll of identify
 g - a scroll of teleportation {unknown}
 h - a scroll of immolation {unknown}
 i - 2 scrolls of amnesia {unknown}
 k - 2 scrolls of blinking {unknown}
 l - a scroll of enchant armour {unknown}
 n - a scroll of fog {unknown}
 p - 2 scrolls of random uselessness {unknown}
 q - 3 scrolls of remove curse {unknown}
 r - a scroll of noise {unknown}
Potions
 e - a potion of resistance
 j - 2 potions of flight
 m - a potion of haste
 o - 2 potions of heal wounds
 s - a potion of brilliance
 t - a potion of agility
Comestibles
 d - 2 rations
 v - 2 chunks of flesh


   Skills:
 - Level 2.1 Fighting
 * Level 5.3 Long Blades
 - Level 3.0 Throwing
 + Level 4.2 Dodging


You had 5 spell levels left.
You didn't know any spells.

Dungeon Overview and Level Annotations

Branches:
Dungeon (3/15)

Altars:
Makhleb
Uskayaw
Zin


Innate Abilities, Weirdness & Mutations

Your plain brown scales are hard. (AC +6)
You cannot fit into any form of body armour.
You are cold-blooded and may be slowed by cold attacks.


Message History

A goblin comes into view.
You closely miss the goblin. The goblin barely misses you.
You barely miss the goblin. The goblin hits you but does no damage.
You hit the goblin.
You kill the goblin!
You slash the goblin!
You kill the goblin!
You hit the ogre.
The ogre is lightly wounded.
The ogre hits you but does no damage.
You hit the ogre.
The ogre is moderately wounded.
The ogre hits you with a giant club!
You barely miss the ogre. You tail-slap the ogre.
The ogre is heavily wounded.
The ogre hits you with a giant club!
You slash the ogre!
The ogre is almost dead.
The ogre hits you with a giant club!!
You die...

######..#.####.####..# #.#......
# #..#........ ..## #.####### ###
#..##.#.######## #.# #.#
#..##...#### ### #.# #.#
#..##......# ..# #.# ..#
#..##......# ..# #.####### #.#
#..##......# ..# #)#...... #.#
#..##......##g# #.#......
#.####..##.####.@Og# #.#......
#.#.....##.# ###### #.#......
#.#.##.###.# #.#..)...
#.#.##.###.# #.#_.....
#.#.##.#...# #.'......
#.#..#.#.##################......
#'#......................))......
...#####..##########..###########
......†.#.#.#.#.#.#.#.#.#.#.#....


You could see an ogre and 2 goblins.

Vanquished Creatures
  The ghost of stickyfingers the Shield-Bearer, an amateur OpCK of Xom (D:3)
  Jessica (D:2)
  Terence (D:2)
  A gnoll (D:1)
  5 adders (D:3)
  An ooze (D:1)
  3 dart slugs (D:2)
  2 leopard geckos (D:3)
  10 orcs (D:3)
  A ball python (D:3)
  3 giant cockroaches
  8 goblins
  7 hobgoblins
  3 jackals (D:1)
  A quokka (D:3)
  11 bats
  5 frilled lizards
  5 kobolds
  6 rats
75 creatures vanquished.

Notes
Turn   | Place    | Note
-------+----------+-------------------------------------------
     0 | D:1      | KristoblXynda the Draconian Gladiator began the quest for the Orb.
     0 | D:1      | Reached XP level 1. HP: 17/17 MP: 1/1
    49 | D:1      | Reached XP level 2. HP: 21/24 MP: 2/2
   325 | D:1      | Reached XP level 3. HP: 23/29 MP: 3/3
   581 | D:1      | You fall through a shaft!
   661 | D:2      | Noticed Terence
   678 | D:2      | Killed Terence
   678 | D:2      | Reached XP level 4. HP: 12/36 MP: 4/4
  1169 | D:2      | Noticed Jessica
  1180 | D:2      | Killed Jessica
  1635 | D:3      | Reached skill level 4 in Long Blades
  1958 | D:3      | Found a burning altar of Makhleb.
  2001 | D:3      | Noticed stickyfingers's ghost (amateur OpCK)
  2024 | D:3      | Found a glowing silver altar of Zin.
  2034 | D:3      | Killed stickyfingers's ghost
  2034 | D:3      | Reached skill level 5 in Long Blades
  2034 | D:3      | Reached XP level 5. HP: 41/41 MP: 5/5
  2209 | D:3      | Reached XP level 6. HP: 37/48 MP: 6/6
  2858 | D:3      | Found a hide-covered altar of Uskayaw.
  2858 | D:3      | Noticed a hand axe
  2858 | D:3      | Noticed a hand axe
  3025 | D:3      | Slain by an ogre

Vault maps used:
D:1:      dpeg_arrival_stone_temple_mockup, serial_corexii_hall,
          corexii_hall_statues_i, corexii_hall_statues_t,
          corexii_hall_statues_t, corexii_hall_statues_i
D:2:      nicolae_overflow_hidden_temple, minmay_misc_feat_doors, minivault_14,
          uniq_jessica, uniq_terence
D:3:      old_standard_altar, dancing_weapons_uskayaw,
          overflow_temple_1_default, st_stairs_13, minmay_ogre_servants

Skill      XL: |  1  2  3  4 |
---------------+-------------+-----
Throwing       | 2 3 |  3.0
Dodging        | 3 4 |  4.2
Long Blades    | 5 |  5.3
Fighting       | |  2.1

Action                   |  1- 3 |  4- 6 || total
-------------------------+-------+-------++-------
Melee: Long sword        |    84 |   121 ||   205
       Tailslap          |    13 |    18 ||    31
  Use: Scroll            |       |     7 ||     7
       Potion            |       |     1 ||     1
 Stab: Sleeping          |     1 |     1 ||     2
  Eat: Chunk             |       |     7 ||     7
Armor: Skin              |    35 |    38 ||    73
Dodge: Dodged            |    82 |   104 ||   186
       Rpst.: Long sword |    26 |    41 ||    67

Table legend:
 A = Spawn XP
 B = Non-spawn XP
 C = Spawn XP percentage of total XP
 D = Spawn monster count
 E = Non-spawn monster count
 F = Spawn count percentage of total count
 G = Total turns spent on level
                    A         B        C        D         E        F      G
               +---------+---------+-------+---------+---------+-------+---------
         Total |       0 |     456 |   0.0 |       0 |      75 |   0.0 |  3025
               +---------+---------+-------+---------+---------+-------+---------
           D:1 |       0 |      61 |   0.0 |       0 |      27 |   0.0 |   674
           D:2 |       0 |     100 |   0.0 |       0 |      16 |   0.0 |   930
           D:3 |       0 |     295 |   0.0 |       0 |      32 |   0.0 |  1421
               +---------+---------+-------+---------+---------+-------+---------
